 Dungeon Crawl Stone Soup version 0.25-a0-290-g4a1327ee3a (webtiles) character file.

Game seed: 2945412604287099805, levelgen mode: deterministic

9 1312 the Slasher (level 2, 19/22 HPs)
             Began as a Demonspawn Gladiator on Dec 14, 2019.
             Quit the game on level 1 of the Dungeon.
             The game lasted 00:00:30 (255 turns).

1312 the Slasher (Demonspawn Gladiator)              Turns: 255, Time: 00:00:31

Health: 19/22      AC:  4    Str: 14    XL:     2   Next: 3%
Magic:  2/2        EV: 13    Int:  9    God:
Gold:   27         SH:  0    Dex: 14    Spells: 1/1 levels left

rFire    . . .     SeeInvis .   a - +0 long sword
rCold    . . .     Gourm    .   (no shield)
rNeg     . . .     Faith    .   b - +0 leather armour
rPois    .         Spirit   +   c - +0 helmet
rElec    .         Reflect  .   (no cloak)
rCorr    .         Harm     .   (no gloves)
MR       .....                  (no boots)
Stlth    +.........             (no amulet)
HPRegen  0.07/turn              (no ring)
MPRegen  0.08/turn              (no ring)

@: no status effects
A: magic shield
a: no special abilities


You were on level 1 of the Dungeon.
You were not hungry.

You visited 1 branch of the dungeon, and saw 1 of its levels.

You collected 27 gold pieces.

Inventory:

Hand Weapons
 a - a +0 long sword (weapon)
Missiles
 d - 3 throwing nets (quivered)
Armour
 b - a +0 leather armour (worn)
 c - a +0 helmet (worn)
Jewellery
 i - an uncursed ring of positive energy {unknown}
 j - an uncursed ring of magical power {unknown}
Scrolls
 h - a scroll of remove curse {unknown}
Potions
 e - a potion of mutation {unknown}
 g - a potion of haste {unknown}
Comestibles
 f - 2 rations


   Skills:
 + Level 2.0 Fighting
 + Level 3.0 Long Blades
 + Level 1.8 Throwing
 + Level 2.9 Dodging


You had one spell level left.
You didn't know any spells.
Your spell library was empty.

Dungeon Overview and Level Annotations

Branches:
Dungeon (1/15)

Altars:


Innate Abilities, Weirdness & Mutations

When hurt, damage is shared between your health and your magic reserves.


Message History

The leopard gecko bites you. The jackal barely misses you.
You riposte.
You barely miss the jackal.
The jackal is almost dead.
The leopard gecko barely misses you. The jackal misses you.
You riposte.
You closely miss the jackal.
The jackal is almost dead.
You hit the leopard gecko.
You kill the leopard gecko!
The jackal closely misses you.
You riposte.
You hit the jackal.
You kill the jackal!
Your Long Blades skill increases to level 3!
The jackal closely misses you.
You closely miss the jackal. The jackal barely misses you. x2
You hit the jackal.
You kill the jackal!
You have reached level 2!
Your demonic ancestry asserts itself...
You feel your magical essence form a protective shroud around your flesh.
The jackal bites you but does no damage.
Are you sure you want to abandon this character and quit the game? (Confirm with "yes".)

#.....#.#.#.
#.....#.#.##
+..<..+.#.'. ###
#.....#.#.## ..#
#.....#.#.#. #.#
###+###.#.#. #.#
.......##.#. #.#
.#######.#.#. #@#
#.......#..#. .#
#h#.###########.#. h..#
#h#.............#. ##...
#$#######'#######.
......#.......#.#......†
....h....#.##.#'#..#.)..
.....#####.##.........#.
.... #.)...#(....... ...
##...........#.


You could see 2 jackals.

Vanquished Creatures
  A leopard gecko (D:1)
  2 jackals (D:1)
  2 bats (D:1)
  A goblin (D:1)
  2 rats (D:1)
8 creatures vanquished.

Notes
Turn   | Place    | Note
-------+----------+-------------------------------------------
     0 | D:1      | 1312 the Demonspawn Gladiator began the quest for the Orb.
     0 | D:1      | Reached XP level 1. HP: 16/16 MP: 1/1
   250 | D:1      | Reached skill level 3 in Long Blades
   254 | D:1      | Gained mutation: When hurt, damage is shared between your
                  | health and your magic reserves. [demonic ancestry]
   254 | D:1      | Reached XP level 2. HP: 19/22 MP: 2/2
   255 | D:1      | Quit the game

Levels and vault maps discovered:
D:1:      matt_arrival_los_fun, layout_basic

Skill      XL: |  1 |
---------------+----+-----
Long Blades    | 3 |  3.0
Fighting       | |  2.0
Throwing       | |  1.8
Dodging        | |  2.9

Action                   || total
-------------------------++-------
Melee: Long sword        ||    11
Armor: Leather armour    ||    10
Dodge: Dodged            ||    18
       Rpst.: Long sword ||    13

Table legend:
 A = Non-vault XP
 B = Vault XP
 C = Vault XP percentage of total XP
 D = Non-vault monster count
 E = Vault monster count
 F = Vault count percentage of total count
                 A         B        C        D         E       F
            +---------+---------+-------+---------+---------+-------
      Total |      13 |       0 |   0.0 |       8 |       0 |   0.0
            +---------+---------+-------+---------+---------+-------
        D:1 |      13 |       0 |   0.0 |       8 |       0 |   0.0
            +---------+---------+-------+---------+---------+-------
